AoeStats
← gothsgothsgoths

Oasis

510035163Analyzed
3v3 RM · 4d ago on Sep 29, 2026· 29m 9s· 6 players
Game mode
Random Map
Map size
Normal (6 player)
Population
200
Speed
Normal
Resources
Standard
Victory
Conquest
Starting age
Dark Age
Ending age
Imperial Age
RankedLock teamsTeams togetherTeam positionsShared explorationLock speedFull tech treeHidden civsTurbo modeCheats
Victory
Defeat
🇺🇸 Danes · United States
1236
+7
🇺🇸 Varangians · United States
1136
+11
🇺🇸 Saxons · United States
1101
+12
🇹🇼 Wei · Taiwan
1044
-11
🇨🇳 Jurchens · China
1042
-11
🇹🇷 Portuguese · Türkiye
973
-8
一直嬉皮笑臉
2:15 Loom
11:03 Feudal Age
11:46 Double-Bit Axe
11:44 Horse Collar
14:12 Wheelbarrow
26:07 Castle Age
NedliV
1:01 Loom
13:10 Feudal Age
14:48 Wheelbarrow
13:56 Horse Collar
14:04 Double-Bit Axe
18:08 Gold Mining
18:08 Stone Mining
21:06 Castle Age
23:08 Hand Cart
22:55 Heavy Plow
23:09 Bow Saw
2204528
12:31 Feudal Age
13:23 Loom
14:47 Man-at-Arms
22:44 Town Watch
24:39 Bloodlines
gothsgothsgoths
7:02 Loom
9:18 Feudal Age
12:07 Double-Bit Axe
13:59 Fletching
16:52 Padded Archer Armor
21:40 Castle Age
20:21 Gold Mining
20:22 Stone Mining
20:14 Horse Collar
21:46 Crossbowman
22:33 Bodkin Arrow
24:12 Leather Archer Armor
24:51 Bow Saw
28:30 Gold Shaft Mining
28:02 Heavy Plow
28:17 Thumb Ring
29:32 Ballistics
tomfreakncruz
8:13 Loom
12:07 Feudal Age
20:18 Castle Age
18:29 Double-Bit Axe
18:39 Horse Collar
19:51 Stone Mining
21:28 Bloodlines
22:00 Bow Saw
23:07 Gold Mining
23:35 Heavy Plow
25:41 Husbandry
27:08 Wheelbarrow
28:42 Hand Cart
JimothyB
5:54 Loom
8:57 Feudal Age
9:48 Double-Bit Axe
9:43 Horse Collar
10:36 Gold Mining
14:23 Fletching
23:25 Castle Age
21:44 Man-at-Arms
22:25 Scale Mail Armor
22:36 Forging
23:29 Crossbowman
24:05 Bodkin Arrow
24:22 Squires
25:06 Town Watch
27:49 Chain Mail Armor
27:51 Town Patrol
28:29 Arson
Connection lost

Rejoining the realm…

Still unreachable

The connection could not be restored.

Session expired

The server has moved on; the page needs a fresh start.